 Dungeon Crawl Stone Soup version 0.14.1-24-gbdbe590 (console) character file.

218 Kiel97 the Ducker (level 4, -3/34 HPs)
             Began as a Demonspawn Gladiator on June 19, 2014.
             Killed by divine providence
             ... invoked by an orc priest
              (10 damage)
             ... on Level 3 of the Dungeon on June 20, 2014.
             The game lasted 00:05:51 (2201 turns).

Kiel97 the Ducker (Demonspawn Gladiator)            Turns: 2201, Time: 00:05:51

HP  -3/34        AC 13     Str 16      XL: 4   Next: 43%
MP   4/4         EV  8     Int  9      God:
Gold 120         SH  0     Dex 14      Spells:  0 memorised,  3 levels left

rFire  + . .     SeeInvis .     e - +0,-1 great sword
rCold  . . .     Clarity  .     i - +1 scale mail {rF+}
rNeg   . . .     Conserve .     (no shield)
rPois  .         rCorr    .     c - +1 helmet
rElec  .         rRot     .     (no cloak)
SustAb . .       Spirit   .     j - +1 pair of gloves
rMut   .         Warding  .     (no boots)
Saprov . . .     Stasis   .     (no amulet)
MR     .....                    (no ring)
                                (no ring)

@: not resistant to hostile enchantments, extremely unstealthy
A: thin metallic scales 1, spiny 1
a: no special abilities


You were on level 3 of the Dungeon.
You were not hungry.

You visited 1 branch of the dungeon, and saw 3 of its levels.

You collected 120 gold pieces.

Inventory:

Hand weapons
 a - a +0,+0 long sword
 e - a +0,-1 great sword (weapon)
 k - a +0,+0 long sword
Missiles
 d - 3 throwing nets (quivered)
Armour
 b - a +0 leather armour
 c - a +1 helmet (worn)
 i - a +1 scale mail of fire resistance (worn)
 j - a +1 pair of gloves (worn)
Magical devices
 h - a wand of confusion (0)
Comestibles
 f - 2 bread rations
Scrolls
 l - a scroll of remove curse
Jewellery
 g - a -2 ring of dexterity


   Skills:
 + Level 2.3 Fighting
 + Level 3.4 Long Blades
 + Level 1.9 Throwing
 + Level 1.1 Armour
 + Level 3.7 Dodging


You had 3 spell levels left.
You didn't know any spells.

Dungeon Overview and Level Annotations

Branches:
Dungeon (3/15)

Altars:
The Shining One


Innate Abilities, Weirdness & Mutations

You are partially covered in thin metallic scales (AC +2).
You are partially covered in sharp spines.


Message History

The orc priest drops an uncursed dagger.
The orc priest picks up a hand axe.
The orc priest wields a hand axe.
You hit the orc priest but do no damage.
The orc priest hits you but does no damage.
You hit the orc priest.
The orc priest is moderately wounded.
The orc priest closely misses you.
You hit the orc priest.
The orc priest is moderately wounded.
The orc priest becomes somewhat translucent.
The orc priest prays to Beogh.
You feel troubled.
Your scale mail prevents you from hitting the orc priest.
The orc priest is moderately wounded.
The orc priest's eyes start to glow.
You slash the orc priest!
The orc priest is almost dead.
The orc priest mumbles some strange prayers to Beogh against you.
Something smites you!
You die...

####### #.<...#
####.....#
.........<#
......#.## ...
#.# . #.# #@# #
#o# ###.### #K#
........##.#
(.....K)...#####
...............#
#..........)..#
#.............#
..............#


You could see an orc priest and a kobold.

Vanquished Creatures
  Terence (D:2)
  An adder (D:3)
  A giant mite (D:1)
  2 worms (D:3)
  3 giant geckos
  3 orcs (D:3)
  4 giant cockroaches
  10 goblins
  6 hobgoblins
  4 jackals (D:2)
  5 bats
  8 kobolds
  4 rats
52 creatures vanquished.

Notes
Turn   | Place    | Note
--------------------------------------------------------------
     0 | D:1      | Kiel97, the Demonspawn Gladiator, began the quest for the Orb.
     0 | D:1      | Reached XP level 1. HP: 16/16 MP: 1/1
   262 | D:1      | Gained mutation: You are partially covered in sharp spines. [demonic ancestry]
   262 | D:1      | Reached XP level 2. HP: 13/22 MP: 2/2
   357 | D:1      | Reached skill level 3 in Dodging
   627 | D:1      | Gained mutation: You are partially covered in thin metallic scales (AC +2). [demonic ancestry]
   627 | D:1      | Reached XP level 3. HP: 27/27 MP: 3/3
  1038 | D:2      | Noticed Terence
  1078 | D:2      | Killed Terence
  1618 | D:2      | Found a glowing golden altar of the Shining One.
  2045 | D:3      | Reached XP level 4. HP: 25/34 MP: 4/4
  2149 | D:3      | Reached skill level 1 in Armour
  2201 | D:3      | Killed from afar by an orc priest

Action                   |  1- 3 |  4- 6 || total
-------------------------+-------+-------++-------
Melee: Long sword        |   101 |       ||   101
       Great sword       |    49 |    30 ||    79
Throw: Throwing net      |     1 |       ||     1
  Use: Scroll            |     6 |     1 ||     7
       Potion            |     2 |       ||     2
